 Dungeon Crawl Stone Soup version 0.28-a0-697-g47f3eba078 (webtiles) character file.

Game seed: 4919416247862368345

718 jasper the Ruffian (level 7, 0/52 HPs)
             Began as a Demonspawn Artificer on Oct 23, 2021.
             Was a Believer of Uskayaw.
             Slain by a centaur (4 damage)
             ... on level 5 of the Dungeon.
             The game lasted 00:08:24 (7314 turns).

jasper the Ruffian (Demonspawn Artificer)           Turns: 7314, Time: 00:08:24

Health: 0/52       AC:  5    Str: 15    XL:     7   Next: 42%
Magic:  7/7        EV:  8    Int: 14    God:    Uskayaw [**....]
Gold:   132        SH:  7    Dex: 13    Spells: 6/6 levels left

rFire   . . .      SeeInvis .     - Unarmed
rCold   . . .      Faith    .   z - +0 kite shield
rNeg    . . .      Spirit   .   i - +0 ring mail
rPois   .          Reflect  .   (no helmet)
rElec   .          Harm     .   (no cloak)
rCorr   +          Rampage  .   (no gloves)
Will    +....                   (no boots)
Stlth   +.........              (no amulet)
HPRegen 0.17/turn               g - ring of willpower
MPRegen 0.10/turn               y - ring of resist corrosion

@: no status effects
A: hooves 1, big brain 1, demonic magic 1
a: Renounce Religion, Stomp, Line Pass


You were on level 5 of the Dungeon.
You worshipped Uskayaw.
Uskayaw was noncommittal.
You visited 2 branches of the dungeon, and saw 6 of its levels.

You collected 253 gold pieces.
You spent 121 gold pieces at shops.

Inventory:

Hand Weapons
 a - a +0 club
Missiles
 f - 103 stones
 k - 17 poisoned darts (quivered)
Armour
 b - a +0 leather armour
 i - a +0 ring mail (worn)
 z - a +0 kite shield (worn)
Jewellery
 g - a ring of willpower (left hand)
 q - a ring of see invisible
 y - a ring of resist corrosion (right hand)
Wands
 c - a wand of digging (6)
 d - a wand of charming (8)
Scrolls
 h - 4 scrolls of teleportation
 j - a scroll of enchant weapon {unknown}
 o - 2 scrolls of magic mapping
 r - a scroll of summoning {unknown}
 s - a scroll of immolation
 t - a scroll of identify
 u - a scroll of blinking
 x - a scroll of vulnerability {unknown}
Potions
 m - a potion of mutation {unknown}
 n - a potion of berserk rage {unknown}
 p - 3 potions of invisibility {unknown}
 v - a potion of cancellation {unknown}
 w - a potion of magic {unknown}
Miscellaneous
 e - a piece from Xom's chessboard (12/15)


   Skills:
 + Level 3.4 Fighting
 + Level 3.5 Armour
 + Level 3.1 Dodging
 - Level 0.8 Stealth
 * Level 4.2 Unarmed Combat
 - Level 4.0 Evocations


You had 6 spell levels left.
You didn't know any spells.
Your spell library contained the following spells:

 Spells                   Type           Power      Damage    Failure   Level
 Ensorcelled Hibernation  Hex/Ice        0%         N/A       99%         2
 Static Discharge         Conj/Air       0%         N/A       99%         2
 Tukima's Dance           Hex            0%         N/A       100%        3
 Dispel Undead            Necr           0%         3d6       100%        4
 Sticky Flame             Conj/Fire      0%         2d3       100%        4


Dungeon Overview and Level Annotations

Branches:
Dungeon (5/15)             Temple (1/1) D:5

Altars:
Ashenzari
Dithmenos
Fedhas
Kikubaaqudgha
Makhleb
Nemelex Xobeh
Qazlal
Ru
Uskayaw
Zin

Shops:
D:2 !   D:4 ?

Annotations:
D:4 1 runed translucent door, Crazy Yiuf


Innate Abilities, Weirdness & Mutations

You have large cloven feet.
You have an unusually large brain. (Int +2)
Spells you cast may paralyse adjacent enemies.


Message History

The centaur is severely wounded.
The centaur barely misses you.
The centaur kicks you but does no damage.
The centaur hits you. You block the centaur's attack.
You can now pass through a line of other dancers.
You take 2 damage, and have 17/52 hp.
You barely miss the centaur.
The centaur is severely wounded.
You block the centaur's attack. The centaur kicks you.
* * * LOW HITPOINT WARNING * * *
The centaur hits you.
* * * LOW HITPOINT WARNING * * *
The centaur closely misses you.
You take 4 damage, and have 13/52 hp.
Your ring mail prevents you from hitting the centaur.
The centaur is severely wounded.
The centaur barely misses you. You block the centaur's attack.
The centaur barely misses you. The centaur misses you.
You hit the centaur. Your kick misses the centaur.
The centaur is severely wounded.
The centaur hits you.
* * * LOW HITPOINT WARNING * * *
You block the centaur's attack. The centaur hits you.
* * * LOW HITPOINT WARNING * * *
The centaur completely misses you.
Your shield prevents you from hitting the centaur.
Your kick misses the centaur.
The centaur is severely wounded.
The centaur hits you but does no damage.
The centaur kicks you but does no damage.
The centaur barely misses you. The centaur closely misses you.
You hit the centaur. You kick the centaur.
The centaur is almost dead.
The centaur hits you.
* * * LOW HITPOINT WARNING * * *
The centaur kicks you but does no damage.
You hit the centaur but do no damage. Your kick misses the centaur.
The centaur is almost dead.
The centaur hits you.
You die...

#######...####..
#...............
#.#######..##..# #.#
####.....## #.#
#....##.##
######.####.#####...
#.........#.####..##.
#................#
#.(c@.......######
#............#
#................
#.................
#.......:.........
######.#..........
#.##.........
#.###....#...
###...##


You could see a centaur.

Vanquished Creatures
  A gnoll sergeant (D:5)
  A necrophage (D:5)
  Blork the orc (D:4)
  2 scorpions
  A howler monkey (D:4)
  A centaur skeleton (D:5)
  2 iguanas
  Ijyb (D:4)
  A hound skeleton (D:4)
  2 adders
  A worm (D:2)
  A dart slug (D:3)
  4 orcs
  4 bats (D:1)
  7 endoplasms
  A giant cockroach (D:4)
  5 hobgoblins
  2 jackals (D:3)
  9 kobolds
  A quokka (D:1)
  5 ball pythons
  4 frilled lizards
  3 goblins
  4 rats
64 creatures vanquished.

Vanquished Creatures (collateral kills)
  2 orc priests (D:5)
  An iguana (D:5)
  5 gnolls (D:5)
  A kobold (D:3)
  A ball python (D:3)
10 creatures vanquished.

Vanquished Creatures (others)
  An orc wizard (D:5)
1 creature vanquished.

Grand Total: 75 creatures vanquished

Notes
Turn   | Place    | Note
-------+----------+-------------------------------------------
     0 | D:1      | jasper the Demonspawn Artificer began the quest for the
                  | Orb.
     0 | D:1      | Reached XP level 1. HP: 15/15 MP: 1/1
    65 | D:1      | Reached skill level 1 in Dodging
   393 | D:1      | Gained mutation: You have an unusually large brain. (Int
                  | +2) [demonic ancestry]
   393 | D:1      | Reached XP level 2. HP: 15/21 MP: 2/2
   622 | D:1      | Reached skill level 1 in Unarmed Combat
  1002 | D:2      | Found Plog's Distillery.
  1022 | D:2      | Bought a potion of curing for 39 gold pieces
  1382 | D:2      | Reached XP level 3. HP: 10/26 MP: 3/3
  1706 | D:2      | Found a faded altar of an unknown god.
  3086 | D:3      | You fall into a shaft and drop 1 floor!
  3194 | D:4      | Found Wodwua's Magic Scroll Emporium.
  3197 | D:4      | Bought a scroll of blinking for 82 gold pieces
  3563 | D:4      | Noticed a scorpion
  3569 | D:4      | Killed a scorpion
  3570 | D:4      | Gained mutation: Spells you cast may paralyse adjacent
                  | enemies. [demonic ancestry]
  3570 | D:4      | Reached XP level 4. HP: 13/33 MP: 4/4
  3924 | D:4      | Reached XP level 5. HP: 38/38 MP: 5/5
  4356 | D:4      | Noticed Blork the orc
  4368 | D:4      | Killed Blork the orc
  4714 | D:4      | Found a runed translucent door.
  4715 | D:4      | Noticed Crazy Yiuf
  4945 | D:5      | Entered Level 5 of the Dungeon
  5011 | D:5      | Noticed Ijyb
  5041 | D:4      | Killed Ijyb
  5042 | D:4      | Gained mutation: You have large cloven feet. [demonic
                  | ancestry]
  5042 | D:4      | Reached XP level 6. HP: 18/46 MP: 6/6
  5557 | D:5      | HP: 2/46 [gnoll sergeant (8)]
  5572 | D:5      | HP: 1/46 [gnoll sergeant (4)]
  5949 | D:5      | Reached XP level 7. HP: 13/52 MP: 7/7
  6535 | D:5      | Found a staircase to the Ecumenical Temple.
  6541 | Temple   | Entered the Ecumenical Temple
  6762 | Temple   | Became a worshipper of Uskayaw the Reveller
  6942 | D:5      | Found a burning altar of Makhleb.
  6973 | D:5      | Reached * piety under Uskayaw
  6993 | D:5      | Reached ** piety under Uskayaw
  7002 | D:5      | Reached *** piety under Uskayaw
  7009 | D:5      | Reached **** piety under Uskayaw
  7314 | D:5      | Slain by a centaur

Illustrated notes

Levels and vault maps discovered:
D:1:      minmay_arrival_open_corners, layout_basic, minmay_small_reverse_x
D:2:      layout_loops_cross, serial_shops, shop,
          chequers_ecumenical_altar_twisty, kennysheep_generic_room_8
D:3:      layout_basic, kennysheep_ying_yang, lemuel_coloured_pillars_altar
D:4:      layout_loops_corners, serial_shops, nicolae_shop_behind_doors,
          uniq_crazy_yiuf_cottage, uniq_blork_the_orc
D:5:      layout_rooms, amcnicky_altar_gilded, minmay_temple_entry_butterflies,
          minmay_misc_feat_enclosed, uniq_ijyb
Temple:   compressed_dpeg_triangle_lava_temple

Skill      XL: |  1  2  3  4  5  6  7 |
---------------+----------------------+-----
Dodging        | 1 2 3 |  3.1
Unarmed Combat | 1 2 3 4 |  4.2
Armour         | 2 3 |  3.5
Fighting       | 2 3 |  3.4
Evocations     | 4 |  4.0
Stealth        | |  0.8

Action                   |  1- 3 |  4- 6 |  7- 9 || total
-------------------------+-------+-------+-------++-------
Melee: Club              |    23 |       |       ||    23
       Unarmed           |   122 |   107 |    69 ||   298
       Punch             |     1 |     1 |       ||     2
       Kick              |       |    17 |    23 ||    40
Throw: Dart              |    56 |    15 |    10 ||    81
Evoke: Wand              |    22 |    12 |     1 ||    35
       Piece from Xom's  |       |     2 |     4 ||     6
  Use: Scroll            |     7 |       |       ||     7
       Potion            |       |     6 |       ||     6
 Stab: Sleeping          |       |     1 |       ||     1
       Betrayed ally     |       |     1 |       ||     1
       Paralysed         |       |       |     2 ||     2
Armor: Ring mail         |    54 |    23 |    24 ||   101
       Leather armour    |     3 |       |       ||     3
Dodge: Dodged            |    69 |    41 |    44 ||   154
Block: Kite shield       |       |     2 |    26 ||    28

Table legend: (Time is in decaauts)
 A = Elapsed time spent in this place.
 B = Non-inter-level travel time spent in this place.
 C = Inter-level travel time spent in this place.
 D = Time resting spent in this place.
 E = Time spent auto-exploring this place.
 F = Levels seen in this place.
 G = Mean time per level.
                   A        B        C        D        E       F      G
               +--------+--------+--------+--------+--------+-----+--------+
         Total |   7332 |   7206 |    126 |   1949 |   4223 |   6 | 1222.0 |
       Dungeon |   7103 |   6983 |    120 |   1949 |   4048 |   5 | 1420.6 |
        Temple |    228 |    222 |      6 |      0 |    175 |   1 |  228.0 |
               +--------+--------+--------+--------+--------+-----+--------+

Top non-repeatable levels by time:
     D:4: 2607 daAuts
     D:5: 1403 daAuts
     D:2: 1095 daAuts
     D:3: 1016 daAuts
     D:1: 981 daAuts
  Temple: 228 daAuts
